 Dungeon Crawl Stone Soup version 0.25-a0-576-g50b708a4c4 (webtiles) character file.

Game seed: 6976962510273980127, levelgen mode: classic

317744 EnegeticOcto the Champion of Chaos (level 20, -47/183 HPs)
             Began as a Deep Dwarf Fighter on Mar 1, 2020.
             Was the Champion of Makhleb.
             Killed from afar by an ancient lich (109 damage)
             ... with an iron shot
             ... on level 5 of the Realm of Zot.
             The game lasted 00:26:13 (18743 turns).

EnegeticOcto the Champion of Chaos (DDFi)          Turns: 18743, Time: 00:26:14

Health: -47/183    AC: 43    Str: 24 (25) XL:     20   Next: 17%
Magic:  0/0        EV:  7    Int: 14 (15) God:    Makhleb [******]
Gold:   670        SH: 29    Dex: 14      Spells: 19/19 levels left

rFire    + + +     SeeInvis .   Q - +9 war axe (freeze)
rCold    + + .     Gourm    .   b - +8 tower shield
rNeg     + . .     Faith    .   F - +15 Maxwell's patent armour {-Cast -Tele rElec MR+ rCorr}
rPois    +         Spirit   .   P - +2 helmet {Int+3}
rElec    +         Reflect  .   d - scarf {rC+ rF+}
rCorr    +         Harm     .   i - +2 pair of gloves
MR       +++++     NoTele   +   (no boots) Stlth ..........NoCast +
                                (no amulet)
HPRegen  0.00/turn              H - ring "Siap" {rPois MR+ Str-4 Int+4 Slay+5, =R}
MPRegen  0.07/turn              S - ring "Ryahahy" {rF+ Str+3}

@: resistant, berserk cooldown, non-regenerating, hasted and slowed, lightly
drained
A: damage resistance, heal wounds, slimy green scales 1, thin metallic scales 1,
agile 1, blink, deterioration 1, dopey 1, frail 1, negative energy resistance 1,
sense surroundings 3, screaming 2, weak 1, no regeneration
}: 3/15 runes: decaying, slimy, gossamer
a: Heal Wounds, Blink, Minor Destruction, Lesser Servant of Makhleb, Major
Destruction, Greater Servant of Makhleb, Renounce Religion


You were on level 5 of the Realm of Zot.
You worshipped Makhleb.
Makhleb was exalted by your worship.
You were full.

You visited 9 branches of the dungeon, and saw 47 of its levels.
You also visited: Ossuary, Bailey, Gauntlet and Ice Cave.

You collected 4288 gold pieces.
You spent 3618 gold pieces at shops.

Inventory:

Hand Weapons
 a - a +1 broad axe of holy wrath
 t - a +1 hand axe of electrocution
 v - a +0 dagger of distortion
 Q - a +9 war axe of freezing (weapon)
Missiles
 B - 2 throwing nets (quivered)
 G - 6 curare-tipped darts
Armour
 b - a +8 tower shield (worn)
 d - a scarf of resistance (worn)
 i - a +2 pair of gloves (worn)
 F - the +15 Maxwell's patent armour (worn) {-Cast -Tele rElec MR+ rCorr}
   (You bought it in a shop on level 8 of the Dungeon)

   It insulates you from electricity.
   It affects your resistance to hostile enchantments.
   It prevents spellcasting.
   It prevents most forms of teleportation.
   It provides partial protection from all sources of acid and corrosion.
   If you remove this armour, your AC will decrease by 32 (43 -> 11).
 P - a +2 helmet of intelligence (worn)
Jewellery
 c - an uncursed ring of protection from fire
 u - a +3 ring of protection
 H - the ring "Siap" (left hand) {rPois MR+ Str-4 Int+4 Slay+5, =R}
   (You bought it in a shop on level 12 of the Dungeon)

   [ring of intelligence]

   It affects your strength (-4).
   It affects your intelligence (+4).
   It affects your accuracy and damage with ranged weapons and melee attacks
   (+5).
   It protects you from poison.
   It affects your resistance to hostile enchantments.
 S - the ring "Ryahahy" (right hand) {rF+ Str+3}
   (You bought it in a shop on level 2 of the Orcish Mines)

   [ring of strength]

   It affects your strength (+3).
   It protects you from fire.
Wands
 f - a wand of flame (26)
 M - a wand of clouds (4)
 O - a wand of acid (7) {@v1}
 R - a wand of paralysis (12)
Scrolls
 l - 8 scrolls of remove curse {@r6}
 o - 7 scrolls of blinking {@r3}
 p - 9 scrolls of teleportation {@r2}
 s - 2 scrolls of fog
 w - 2 scrolls of enchant weapon
 y - 7 scrolls of identify {@r1}
 D - 2 scrolls of holy word
 L - 2 scrolls of torment
 T - a scroll of silence
Potions
 g - 3 potions of invisibility
 h - 9 potions of curing {@q1}
 j - 4 potions of stabbing {@q5}
 q - 4 potions of flight
 x - a potion of berserk rage
 z - 3 potions of lignification {@q7}
 A - 4 potions of ambrosia
Miscellaneous
 J - a phantom mirror
Comestibles
 e - 15 rations


   Skills:
 * Level 17.8(17.7) Fighting
 - Level 16.4(16.3) Axes
 + Level 15.3(15.2) Armour
 - Level 3.1(3.0) Dodging
 + Level 15.3(15.2) Shields
 * Level 22.7(22.5) Invocations


You had 19 spell levels left.
You didn't know any spells.
Your spell library was empty.

Dungeon Overview and Level Annotations

Branches:
Dungeon (15/15)            Temple (1/1) D:5            Lair (6/6) D:9
  Swamp (4/4) Lair:2       Spider (4/4) Lair:3        Slime (5/5) Lair:6
    Orc (2/2) D:9             Elf (0/3) Orc:2        Depths (5/5) D:15
    Zot (5/5) Depths:5    Ossuary (visited)          Bailey (visited)
  IceCv (visited)         Gauntlet (visited)
 Vaults: D:13-14

Altars:
Dithmenos
Fedhas
Gozag
Hepliaklqana
Kikubaaqudgha
Makhleb
Okawaru
Qazlal
Ru
Sif Muna
Trog
Vehumet
Wu Jian
Xom
Yredelemnul
The Shining One
Beogh
Jiyva

Shops:
D:6 *   D:8 [   D:12 =(   Orc:2 :=**

Portals:
Abyss: D:13
Pandemonium: Depths:4

Annotations:
D:9 2 transporters, exclusion: orange crystal statue
D:12 2 transporters
D:13 2 transporters, Kudimes's ghost, journeyman HOFi


Innate Abilities, Weirdness & Mutations

You are resistant to damage.
You can heal yourself by infusing magical energy.
You resist negative energy. (rN+)
You passively map a large area around you.
You do not regenerate.
You are partially covered in slimy green scales. (AC +2)
You are partially covered in thin metallic scales. (AC +2)
You are agile. (Dex +2)
You can translocate small distances at will.
Your body sometimes deteriorates upon taking damage.
You are dopey. (Int -2)
You are frail. (-10% HP)
You sometimes yell uncontrollably at your foes.
You are weak. (Str -2)


Message History

You block the electric golem's attack.
The orb of fire glows yellow.
The bolt of fire hits you!! You resist.
* * * LOW HITPOINT WARNING * * *
Your body deteriorates!
You feel weakened.
The electric golem blinks!
The orb of fire glows deep purple.
The bolt of fire hits you but does no damage.
You block the balrug's attack.
You feel protected. You block the balrug's attack.
Okay, then.
You feel much better.
The balrug hits you with a +2 vampiric demon whip!
* * * LOW HITPOINT WARNING * * *
You are engulfed in flames.
You resist.
* * * LOW HITPOINT WARNING * * *
You feel much better. The balrug hits you but does no damage.
You block the electric golem's attack.
The electric golem hits you but does no damage. x3
You feel much better.
You feel a little less mighty now. You block the balrug's attack.
The electric golem hits you but does no damage.
You block the electric golem's attack. x2
The electric golem hits you but does no damage.
The balrug hits you with a +2 vampiric demon whip!
You are engulfed in flames.
You resist.
The balrug draws strength from your wounds!
You feel much better.
The electric golem crackles and sizzles.
You block the electric golem's attack.
The electric golem hits you but does no damage.
You block the electric golem's attack.
The electric golem hits you but does no damage.
The ancient lich casts a spell at you.
The bolt of fire hits the balrug.
The balrug completely resists.
The bolt of fire hits you. You resist. The electric golem hits you!
The electric golem shocks you. You resist.
The electric golem hits you but does no damage. x2
You block the electric golem's attack. The balrug gestures at you.
The sticky flame hits you but does no damage.
You are covered in liquid flames!
Really quaff the potion of mutation?
You feel extremely strange.
You feel a little more calm.
Your body's shape seems more normal.
Thin metallic scales grow over part of your body.
Your vision sharpens.
You feel jittery.
You are covered in liquid flames!
The electric golem blinks!
The orb of fire glows yellow.
The bolt of fire hits you! You resist.
Really quaff the potion of mutation?
You feel extremely strange.
You feel agile.
You feel clever.
You feel a little healthier.
You feel robust.
You feel agile.
Slimy green scales grow over part of your body.
You are covered in liquid flames!
The black draconian monk breathes lightning at you.
The bolt of lightning hits the orb of fire.
The orb of fire completely resists.
The bolt of lightning hits you. You resist. The balrug gestures at you.
Something smites you!
The electric golem blinks!
As you read the scroll of fog, it crumbles to dust.
The scroll dissolves into smoke.
You are covered in liquid flames!
The electric golem hurls lightning at you.
The bolt of lightning misses you.
The bolt of lightning hits the orb of fire.
The orb of fire completely resists.
You block the ancient lich's attack.
You slice the ancient lich!! You freeze the ancient lich.
The ancient lich is severely damaged.
You miss the orb of fire.
You are covered in liquid flames!
You hear a roar!
You block the ancient lich's attack.
The electric golem crackles and sizzles.
The Killer Klown blinks!
Throwing (i - inventory. (/) - cycle)
B - 4 throwing nets (quivered)
Press: ? - help, Shift-Dir - straight line, f - ancient lich
Aim: an ancient lich (blue smoke, severely damaged)
You throw a throwing net.
The throwing net closely misses the ancient lich.
You are covered in liquid flames!
You block the balrug's attack.
The ancient lich casts a spell.
The Killer Klown blinks!
You block the balrug's attack.
Throwing (i - inventory. (/) - cycle)
B - 3 throwing nets (quivered)
Press: ? - help, Shift-Dir - straight line, f/p - ancient lich
Aim: an ancient lich (blue smoke, severely damaged)
You throw a throwing net. The throwing net hits the ancient lich.
The ancient lich is caught in the net!
The ancient lich is severely damaged.
You block the electric golem's attack. x2
The electric golem hits you but does no damage. x2
The ancient lich points at you and mumbles some strange words.
The iron shot hits you!!!!
Ouch! That really hurt!
You die...

,,,,,,,,,,,**#..%....%....#**,,,*
,*,*,,,,,,,,**#..)).).....#**,,,*
,*,**,,*....* ##)[q%.%.....#*,,,*
**,,**,*....** #)q<.)#.^....,,,,*
,,,,,***#.⌠#.* ##))dd###....*,,,,
,,⌠,,,,,#....#* #.#q.)....##**,,,
,,,,,**,*#....#*#.{###....# **,**
**,,**,,,*#....###1##*.#..***,,**
,*,***,,,*#...18@#..#*,#*.,,,,,,*
,******,,,##.%§2L*§q#,,**,,,,,,,,
,,,,****,,,#..§§{p##...#*,,,,,,,*
,,,,,***....⌠..#..#*##...,,,,,,**
,,,,,,**#......##..#*,,...,,*,,,*
*,,,,,,*#......,##...,,*#.,****,,
*,,,,,,,##.....,,*#.).****,* **,
*,,,,,,,.......,,,,..$# *** **,
**,,,,,,.......,,,,...#********,*


You could see an orb of fire, a Killer Klown, an electric golem, an ancient lich
(caught), a Tzitzimitl and a balrug.

Vanquished Creatures
  the Royal Jelly (Slime:5)
  6 orbs of fire (Zot:5)
  An ancient lich (Zot:5)
  4 golden dragons
  Rupert (Lair:5)
  3 tentacled monstrosities
  10 Orb Guardians (Zot:5)
  12 acid blobs
  3 thorn hunters
  A shadow dragon (Depths:5)
  4 draconian monks
  4 azure jellies (Slime:5)
  5 storm dragons
  An orc warlord (Orc:2)
  A fire giant (D:15)
  A frost giant (IceCv)
  2 emperor scorpions
  2 draconian knights
  2 draconian stormcallers (Zot:5)
  2 draconian shifters (Zot:5)
  A draconian scorcher (Zot:3)
  3 ghost moths
  4 stone giants
  2 draconian annihilators
  A minotaur (Gauntlet)
  Nessos (D:13)
  3 entropy weavers
  3 black draconians
  4 green draconians
  A dire elephant (Depths:4)
  3 white draconians
  5 red draconians
  Azrael (D:15)
  3 purple draconians
  3 spark wasps (Spider:4)
  5 yellow draconians
  4 fire dragons
  5 death oozes
  3 ettins
  A merfolk javelineer (Depths:5)
  3 yaktaur captains
  3 great orbs of eyes
  Josephine (D:13)
  12 hydras
  2 ice dragons
  A catoblepas (Gauntlet)
  24 two-headed ogres
  Erolcha (Orc:1)
  A ghost crab (Swamp:4)
  7 centaur warriors
  A shambling mangrove (Swamp:3)
  3 alligators
  A tengu warrior (Depths:1)
  A deep troll shaman (Depths:3)
  6 ogre magi
  6 death yaks
  2 deep troll earth magi
  2 spriggan berserkers (Depths:4)
  A deep elf knight (Depths:4)
  Sonja (D:10)
  A fire crab (shapeshifter) (Depths:4)
  6 deep trolls
  2 skeletal warriors (D:15)
  A flayed ghost (Depths:1)
  10 swamp dragons (Swamp:4)
  3 spriggan druids (Depths:4)
  2 orc knights
  8 orb spiders
  2 deep elf magi (D:15)
  8 wolf spiders
  A manticore (D:13)
  2 orc sorcerers (Orc:2)
  A shining eye (Slime:5)
  2 cyclopes
  11 ugly things
  3 oklob plants (Lair:6)
  2 centaur zombies (D:12)
  Psyche (D:11)
  10 moths of wrath
  11 elephants
  A molten gargoyle (Gauntlet)
  5 black mambas
  2 eyes of devastation (Slime:1)
  Maggie (D:7)
  3 gargoyles
  12 spiny frogs
  A torpor snail (Lair:6)
  A yaktaur (shapeshifter) (D:14)
  2 rime drakes
  An efreet (D:15)
  A kobold demonologist (D:13)
  8 demonic crawlers
  2 komodo dragons
  A yaktaur (Depths:1)
  10 jumping spiders
  4 trolls
  5 tyrant leeches
  11 hippogriffs
  13 hornets
  12 polar bears (IceCv)
  8 blink frogs
  5 dream sheep (Lair:6)
  31 slime creatures
  5 bog bodies
  11 redbacks
  A shadow (Swamp:3)
  6 spriggans (Depths:4)
  9 flying skulls (Gauntlet)
  10 tarantellas (Spider:4)
  A tarantella (shapeshifter) (D:15)
  50 yaks
  A vampire (D:15)
  4 wraiths (D:13)
  2 wyverns
  4 fire elementals (D:15)
  A human (D:7)
  A water elemental (Depths:5)
  A basilisk (D:15)
  4 hogs (D:7)
  A hungry ghost (D:8)
  12 vampire mosquitoes
  A swamp worm (shapeshifter) (Depths:1)
  2 wargs
  An acid dragon (D:11)
  10 swamp worms
  7 water moccasins
  Edmund (D:6)
  5 porcupines
  26 orc warriors
  2 hell hounds (D:15)
  11 swamp drakes
  2 black bears
  6 ice beasts
  5 sky beasts
  17 centaurs
  45 ogres
  3 phantoms
  12 wolves
  12 crocodiles
  6 big kobolds
  11 bullfrogs
  A gnoll sergeant (D:9)
  2 scorpions
  A wyvern skeleton (D:9)
  8 killer bees
  2 howler monkeys (D:12)
  8 electric eels
  5 crimson imps
  A bullfrog zombie (D:11)
  4 jellies
  2 quasits
  5 centaur skeletons
  15 hounds
  2 bullfrog skeletons
  23 orc priests
  4 iguanas
  32 orc wizards
  8 worker ants
  2 hound zombies (D:6)
  2 hound skeletons (D:5)
  6 mummies
  2 worker ant zombies
  10 gnolls
  8 adders
  2 shadow imps
  4 adder skeletons
  2 worms
  A dart slug (D:2)
  2 leopard geckos (D:4)
  119 orcs
  2 giant cockroaches
  A gnoll zombie (Ossuary)
  3 goblins (D:13)
  2 hobgoblins
  6 jackals
  14 kobolds
  5 quokkas
  2 ball pythons
  A frilled lizard (D:1)
  A goblin zombie (Ossuary)
  A jackal skeleton (D:6)
  A leopard gecko zombie (D:5)
  A quokka skeleton (D:4)
  A rat (D:2)
  3 fungi
  A plant (Lair:6)
1065 creatures vanquished.

Vanquished Creatures (collateral kills)
  2 Killer Klowns
  A tentacled monstrosity (Zot:3)
  2 acid blobs (Slime:5)
  A death cob (Zot:3)
  An azure jelly (Slime:2)
  A ghost moth (Spider:4)
  A green draconian (Zot:3)
  An entropy weaver (Spider:4)
  A red draconian (Zot:3)
  A great orb of eyes (Slime:5)
  3 hydras (Swamp:4)
  2 shambling mangroves (Swamp:4)
  2 ogre magi (Orc:2)
  3 two-headed ogres (Orc:2)
  2 alligators (Swamp:4)
  A swamp dragon (Swamp:4)
  2 orb spiders
  3 wolf spiders
  A shining eye (Slime:2)
  4 orc knights (Bailey)
  An ugly thing (Depths:2)
  An orc sorcerer (Orc:2)
  2 spiny frogs (Swamp:4)
  An eye of devastation (Slime:5)
  An ice statue (IceCv)
  A troll (Orc:2)
  A jumping spider (Spider:4)
  2 hornets (Swamp:4)
  A polar bear (IceCv)
  A slime creature (Slime:2)
  2 redbacks (Spider:4)
  3 tarantellas (Spider:4)
  3 yaks (IceCv)
  2 vampire mosquitoes (Swamp:4)
  A swamp worm (Swamp:4)
  4 orc warriors
  4 wolves (IceCv)
  4 ogres (Orc:2)
  2 orc wizards (Orc:2)
  12 orcs
84 creatures vanquished.

Vanquished Creatures (others)
  A yak (IceCv)
  A wyvern (D:9)
  A hornet zombie (D:13)
  An orc priest (Orc:2)
  An orc (Orc:2)
  A fungus (Lair:6)
  A plant (Depths:4)
7 creatures vanquished.

Grand Total: 1156 creatures vanquished

Notes
Turn   | Place    | Note
-------+----------+-------------------------------------------
     0 | D:1      | EnegeticOcto the Deep Dwarf Fighter began the quest for the
                  | Orb.
     0 | D:1      | Reached XP level 1. HP: 20/20 MP: 1/1
    83 | D:2      | Reached XP level 2. HP: 24/27 MP: 2/2
   142 | D:4      | Reached XP level 3. HP: 15/34 MP: 3/3
   173 | D:4      | Noticed an ice beast
   181 | D:4      | Killed an ice beast
   181 | D:4      | Reached skill level 1 in Dodging
   181 | D:4      | Reached XP level 4. HP: 39/42 MP: 4/4
   214 | D:4      | Reached XP level 5. HP: 46/50 MP: 5/5
   223 | D:4      | Noticed an ogre
   237 | D:4      | Killed an ogre
   237 | D:4      | Reached XP level 6. HP: 41/57 MP: 6/6
   548 | D:4      | Found a sand-covered staircase.
   559 | Ossuary  | Entered an ossuary
   576 | Ossuary  | Reached XP level 7. HP: 52/66 MP: 5/5
   876 | D:4      | Reached skill level 5 in Axes
  1158 | D:5      | Entered Level 5 of the Dungeon
  1221 | D:5      | Reached skill level 5 in Fighting
  1385 | D:5      | Reached skill level 5 in Shields
  1432 | D:5      | Reached skill level 5 in Armour
  1432 | D:5      | Reached XP level 8. HP: 40/74 MP: 4/4
  1501 | D:5      | Found a staircase to the Ecumenical Temple.
  1532 | Temple   | Entered the Ecumenical Temple
  1628 | Temple   | Became a worshipper of Makhleb the Destroyer
  1712 | D:5      | Reached skill level 1 in Invocations
  1980 | D:6      | Noticed Edmund
  1992 | D:6      | Killed Edmund
  1992 | D:6      | Reached skill level 2 in Invocations
  2174 | D:6      | Found Qain's Serpentskin Sales.
  2193 | D:6      | Reached skill level 3 in Invocations
  2370 | D:6      | Reached * piety under Makhleb
  2631 | D:7      | Reached skill level 4 in Invocations
  2631 | D:7      | Gained mutation: You passively map the area around you.
                  | [Deep Dwarf growth]
  2631 | D:7      | Reached XP level 9. HP: 40/84 MP: 6/8
  2779 | D:7      | Reached skill level 5 in Invocations
  2813 | D:7      | Noticed Maggie
  2825 | D:7      | Killed Maggie
  2825 | D:7      | Reached skill level 6 in Invocations
  2870 | D:7      | Reached ** piety under Makhleb
  2993 | D:7      | Reached XP level 10. HP: 60/94 MP: 11/11
  3023 | D:7      | Found a sacrificial altar of Ru.
  3076 | D:7      | Found a radiant altar of Vehumet.
  3148 | D:8      | Reached skill level 7 in Invocations
  3225 | D:8      | Found Nyunt's Antique Armour Shoppe.
  3251 | D:8      | Noticed a two-headed ogre
  3265 | D:8      | Killed a two-headed ogre
  3377 | D:8      | Reached *** piety under Makhleb
  3671 | D:9      | Reached skill level 8 in Invocations
  3849 | D:9      | Found a hazy altar of Hepliaklqana.
  3852 | D:9      | Found a shimmering altar of Xom.
  3860 | D:9      | Reached **** piety under Makhleb
  3914 | D:9      | Found a transporter.
  3920 | D:9      | Noticed a frost giant
  3923 | D:9      | Noticed a fire giant
  3924 | D:9      | Noticed an orange crystal statue
  3935 | D:9      | Found a transporter.
  4003 | D:9      | Found a staircase to the Lair.
  4067 | D:9      | Found a bloodstained altar of Trog.
  4071 | D:9      | Found an ancient bone altar of Kikubaaqudgha.
  4073 | D:9      | Found a glowing golden altar of the Shining One.
  4078 | D:9      | Found an iron altar of Okawaru.
  4135 | D:9      | Reached skill level 9 in Invocations
  4145 | D:9      | Found a radiant altar of Vehumet.
  4380 | D:9      | Found a staircase to the Orcish Mines.
  4463 | D:10     | Entered Level 10 of the Dungeon
  4498 | D:10     | Noticed Sonja
  4665 | D:10     | Noticed a two-headed ogre
  4672 | D:10     | Killed a two-headed ogre
  4672 | D:10     | Reached skill level 10 in Axes
  4672 | D:10     | Reached XP level 11. HP: 87/104 MP: 9/9
  4687 | D:10     | Paralysed by a hornet for 2 turns
  5183 | D:10     | Killed Sonja
  5827 | D:11     | Noticed Psyche
  5840 | D:11     | Killed Psyche
  5840 | D:11     | Reached skill level 10 in Invocations
  6034 | D:11     | Found a blossoming altar of Fedhas.
  6070 | D:11     | Paralysed by a hornet for 2 turns
  6489 | D:12     | Noticed a red ugly thing
  6499 | D:12     | Killed a red ugly thing
  6507 | D:12     | Found a transporter.
  6535 | D:12     | Found a transporter.
  6581 | D:12     | Found Paidupn's Weapon Shoppe.
  6606 | D:12     | Noticed a centaur warrior
  6623 | D:12     | Killed a centaur warrior
  6646 | D:12     | Found Gajoash's Jewellery Shop.
  6805 | D:12     | Reached skill level 11 in Invocations
  6999 | D:12     | Reached XP level 12. HP: 77/116 MP: 12/12
  7334 | D:13     | Found a transporter.
  7415 | D:13     | Found a flagged portal.
  7430 | Bailey   | Entered a bailey
  7439 | Bailey   | Reached ***** piety under Makhleb
  7618 | Bailey   | Reached skill level 10 in Fighting
  7686 | Bailey   | Identified a scroll of acquirement
  7686 | Bailey   | Identified the amulet of Qykish {Acrobat rPois} (You
                  | acquired it in a bailey)
  7799 | D:12     | Bought the ring "Siap" {rPois MR+ Str-4 Int+4 Slay+5} for
                  | 620 gold pieces
  7911 | Orc:1    | Entered Level 1 of the Orcish Mines
  7971 | Orc:1    | Noticed Erolcha
  7981 | Orc:1    | Killed Erolcha
  8325 | Orc:2    | Entered Level 2 of the Orcish Mines
  8327 | Orc:2    | Noticed an ogre mage
  8329 | Orc:2    | Noticed a two-headed ogre
  8338 | Orc:2    | Reached skill level 12 in Invocations
  8351 | Orc:2    | Killed a two-headed ogre
  8355 | Orc:2    | Killed an ogre mage
  8391 | Orc:2    | Found a frozen archway.
  8396 | Orc:2    | Noticed an orc warlord
  8400 | IceCv    | Entered an ice cave
  8737 | IceCv    | Reached XP level 13. HP: 126/126 MP: 5/5
  8915 | IceCv    | Noticed a frost giant
  8943 | IceCv    | Reached skill level 13 in Invocations
  8952 | IceCv    | Killed a frost giant
  9043 | Orc:2    | Found a staircase to the Elven Halls.
  9051 | Orc:2    | Noticed an ettin
  9061 | Orc:2    | Killed an ettin
  9208 | Orc:2    | Reached skill level 10 in Armour
  9218 | Orc:2    | Reached skill level 10 in Shields
  9231 | Orc:2    | Reached skill level 14 in Invocations
  9233 | Orc:2    | Found Giar's General Store.
  9233 | Orc:2    | Found Idadghewa's Jewellery Shoppe.
  9238 | Orc:2    | Found Ceurph's Assorted Antiques.
  9238 | Orc:2    | Found Uttix's Book Shop.
  9266 | Orc:2    | Gained mutation: You resist negative energy. (rN+) [Deep
                  | Dwarf growth]
  9266 | Orc:2    | Reached XP level 14. HP: 97/136 MP: 5/5
  9483 | Orc:2    | Killed an orc warlord
  9862 | Orc:1    | Found a roughly hewn altar of Beogh.
  9996 | D:8      | Bought the +15 Maxwell's patent armour {-Cast -Tele rElec
                  | MR+ rCorr} for 2362 gold pieces
  9996 | D:8      | Found the +15 Maxwell's patent armour {-Cast -Tele rElec
                  | MR+ rCorr}
 10083 | D:13     | Noticed Josephine
 10097 | D:13     | Killed Josephine
 10111 | D:13     | Found a transporter.
 10124 | D:13     | Noticed Kudimes's ghost (journeyman HOFi)
 10401 | D:13     | Reached ****** piety under Makhleb
 10408 | D:13     | Noticed Nessos
 10453 | D:13     | Killed Nessos
 10487 | D:13     | Reached skill level 15 in Invocations
 10604 | D:13     | Found a one-way gate to the infinite horrors of the Abyss.
 10832 | Orc:2    | Bought a shiny tower shield for 195 gold pieces
 10832 | Orc:2    | Bought a scroll labeled HIANAB UJ MUDU for 26 gold pieces
 10972 | Lair:1   | Entered Level 1 of the Lair of Beasts
 11520 | Lair:2   | Found a staircase to the Swamp.
 12152 | Lair:3   | Found a hole to the Spider Nest.
 12165 | Spider:1 | Entered Level 1 of the Spider Nest
 12278 | Spider:3 | Noticed an entropy weaver
 12287 | Spider:3 | Killed an entropy weaver
 12321 | Spider:4 | Entered Level 4 of the Spider Nest
 12321 | Spider:4 | Noticed an entropy weaver
 12330 | Spider:4 | Killed an entropy weaver
 12352 | Spider:4 | Noticed an entropy weaver
 12374 | Spider:4 | Noticed an entropy weaver
 12386 | Spider:4 | Killed an entropy weaver
 12386 | Spider:4 | Reached XP level 15. HP: 146/146 MP: 5/5
 12731 | Spider:4 | Killed a ghost moth
 12736 | Spider:4 | Reached skill level 16 in Invocations
 12744 | Spider:4 | HP: 7/147 [spark wasp (6)]
 12752 | Spider:4 | Reached skill level 15 in Axes
 12758 | Spider:4 | Killed a ghost moth
 12777 | Spider:4 | Killed a ghost moth
 12796 | Spider:4 | Got a gossamer rune of Zot
 13287 | Lair:5   | Noticed Rupert
 13306 | Lair:5   | Killed Rupert
 14014 | Lair:6   | Entered Level 6 of the Lair of Beasts
 14483 | Lair:6   | Found a staircase to the Slime Pits.
 14497 | Lair:6   | Reached skill level 17 in Invocations
 14688 | Swamp:1  | Entered Level 1 of the Swamp
 14717 | Swamp:1  | Reached XP level 16. HP: 158/158 MP: 6/6
 14827 | Swamp:2  | Noticed a thorn hunter
 14849 | Swamp:2  | Killed a thorn hunter
 14998 | Swamp:4  | Entered Level 4 of the Swamp
 15276 | Swamp:4  | Noticed a thorn hunter
 15286 | Swamp:4  | Killed a thorn hunter
 15335 | Swamp:4  | Noticed a thorn hunter
 15355 | Swamp:4  | Killed a thorn hunter
 15391 | Swamp:4  | Got a decaying rune of Zot
 15725 | Slime:1  | Entered Level 1 of the Pits of Slime
 15766 | Slime:1  | Reached skill level 18 in Invocations
 15776 | Slime:2  | Noticed an acid blob
 15786 | Slime:2  | Gained mutation: You are dopey. (Int -2) [a shining eye]
 15788 | Slime:2  | Killed an acid blob
 15788 | Slime:2  | Gained mutation: You are frail. (-10% HP) [a shining eye]
 15834 | Slime:3  | Noticed an acid blob
 15843 | Slime:3  | Killed an acid blob
 15861 | Slime:3  | Noticed an acid blob
 15877 | Slime:3  | Killed an acid blob
 15902 | Slime:5  | Entered Level 5 of the Pits of Slime
 15905 | Slime:5  | Noticed an acid blob
 15920 | Slime:5  | Killed an acid blob
 15923 | Slime:5  | Gained mutation: You are very dopey. (Int -4) [a shining
                  | eye]
 15928 | Slime:5  | Gained mutation: You are weak. (Str -2) [a shining eye]
 15938 | Slime:5  | Reached XP level 17. HP: 120/151 MP: 7/7
 15948 | Slime:5  | Found a viscous altar of Jiyva.
 15949 | Slime:5  | Noticed the Royal Jelly
 15968 | Slime:5  | Noticed an acid blob
 15969 | Slime:5  | Noticed an acid blob
 15969 | Slime:5  | Noticed an acid blob
 15972 | Slime:5  | Killed the Royal Jelly
 15972 | Slime:5  | Noticed an acid blob
 15972 | Slime:5  | Noticed an acid blob
 15973 | Slime:5  | Noticed an acid blob
 15975 | Slime:5  | Noticed an acid blob
 15978 | Slime:5  | Killed an acid blob
 15978 | Slime:5  | Noticed an acid blob
 15981 | Slime:5  | Killed an acid blob
 15981 | Slime:5  | Killed an acid blob
 15981 | Slime:5  | Killed an acid blob
 15987 | Slime:5  | Killed an acid blob
 16003 | Slime:5  | Killed an acid blob
 16004 | Slime:5  | Killed an acid blob
 16006 | Slime:5  | Killed an acid blob
 16088 | Slime:5  | Noticed an acid blob
 16095 | Slime:5  | Killed an acid blob
 16096 | Slime:5  | Got a slimy rune of Zot
 16098 | Slime:5  | Got a scorched tin ring
 16099 | Slime:5  | Identified the ring "Fuutorif" {MR+ MP+9 Str+2} (You found
                  | it on level 5 of the Pits of Slime)
 16099 | Slime:5  | Noticed an acid blob
 16102 | Slime:5  | Killed an acid blob
 16104 | Slime:5  | Got a sparkling platinum ring
 16105 | Slime:5  | Identified the ring "Heegeuk" {*Tele Dex+4} (You found it
                  | on level 5 of the Pits of Slime)
 16120 | Slime:5  | Identified the Grimoire of Good Luck and Poisoning
 16405 | D:14     | Found a gate leading to a gauntlet.
 16410 | Gauntlet | Entered a Gauntlet
 16410 | Gauntlet | Found a transporter.
 16410 | Gauntlet | Found a large runed translucent door.
 16410 | Gauntlet | Found a large runed translucent door.
 16410 | Gauntlet | Found a large runed translucent door.
 16410 | Gauntlet | Found a large runed translucent door.
 16410 | Gauntlet | Found a large runed translucent door.
 16410 | Gauntlet | Found a large runed translucent door.
 16410 | Gauntlet | Found a runed translucent door.
 16410 | Gauntlet | Found a runed translucent door.
 16410 | Gauntlet | Found a large runed translucent door.
 16410 | Gauntlet | Found a large runed translucent door.
 16410 | Gauntlet | Found a large runed translucent door.
 16410 | Gauntlet | Found a large runed translucent door.
 16410 | Gauntlet | Found a large runed translucent door.
 16410 | Gauntlet | Found a large runed translucent door.
 16419 | Gauntlet | Found a transporter.
 16420 | Gauntlet | Found a runed translucent door.
 16435 | Gauntlet | Found a transporter.
 16439 | Gauntlet | Found a transporter.
 16440 | Gauntlet | Found a runed translucent door.
 16455 | Gauntlet | Found a large runed translucent door.
 16455 | Gauntlet | Found a large runed translucent door.
 16457 | Gauntlet | Found a large runed translucent door.
 16458 | Gauntlet | Found a large runed translucent door.
 16462 | Gauntlet | Found a runed translucent gate.
 16462 | Gauntlet | Found a runed translucent gate.
 16462 | Gauntlet | Found a runed translucent gate.
 16463 | Gauntlet | Found a transporter.
 16468 | Gauntlet | Found a transporter.
 16472 | Gauntlet | Reached skill level 15 in Fighting
 16516 | Gauntlet | Reached skill level 19 in Invocations
 16524 | Gauntlet | Found a transporter.
 16692 | D:15     | Entered Level 15 of the Dungeon
 16692 | D:15     | Noticed Azrael
 16707 | D:15     | Killed Azrael
 16764 | D:15     | Found a staircase to the Depths.
 17181 | Orc:2    | Bought the ring "Ryahahy" {rF+ Str+3} for 415 gold pieces
 17484 | Depths:1 | Entered Level 1 of the Depths
 17667 | Depths:3 | Gained mutation: You passively map a large area around you.
                  | [Deep Dwarf growth]
 17667 | Depths:3 | Reached XP level 18. HP: 162/162 MP: 6/6
 17738 | Depths:4 | Reached skill level 20 in Invocations
 17972 | Depths:4 | Found a one-way gate leading to the halls of Pandemonium.
 17990 | Depths:5 | Entered Level 5 of the Depths
 18010 | Depths:5 | Noticed a golden dragon
 18036 | Depths:5 | Killed a golden dragon
 18088 | Depths:5 | Noticed a golden dragon
 18100 | Depths:5 | Killed a golden dragon
 18217 | Depths:5 | Found a gate to the Realm of Zot.
 18225 | Zot:1    | Entered Level 1 of the Realm of Zot
 18274 | Zot:3    | Noticed a tentacled monstrosity
 18285 | Zot:3    | Killed a tentacled monstrosity
 18294 | Zot:3    | Noticed a tentacled monstrosity
 18299 | Zot:3    | Noticed a Killer Klown
 18303 | Zot:3    | Killed a tentacled monstrosity
 18313 | Zot:3    | Noticed a tentacled monstrosity
 18321 | Zot:3    | Killed a tentacled monstrosity
 18331 | Zot:3    | Killed a Killer Klown
 18348 | Zot:3    | Reached skill level 21 in Invocations
 18467 | Zot:4    | Noticed a golden dragon
 18470 | Zot:4    | Noticed a tentacled monstrosity
 18478 | Zot:4    | Killed a golden dragon
 18485 | Zot:4    | Killed a tentacled monstrosity
 18485 | Zot:4    | Reached XP level 19. HP: 171/171 MP: 6/6
 18496 | Zot:4    | Noticed a golden dragon
 18528 | Zot:4    | Killed a golden dragon
 18543 | Zot:5    | Entered Level 5 of the Realm of Zot
 18571 | Zot:5    | Noticed an electric golem
 18599 | Zot:5    | Noticed an orb of fire
 18603 | Zot:5    | Noticed an orb of fire
 18605 | Zot:5    | Noticed an orb of fire
 18606 | Zot:5    | Noticed an orb of fire
 18610 | Zot:5    | Noticed an orb of fire
 18611 | Zot:5    | Reached skill level 22 in Invocations
 18615 | Zot:5    | Noticed an ancient lich
 18619 | Zot:5    | Killed an orb of fire
 18620 | Zot:5    | Noticed an orb of fire
 18628 | Zot:5    | Noticed a Tzitzimitl
 18631 | Zot:5    | Noticed an orb of fire
 18631 | Zot:5    | Gained mutation: You occasionally shout uncontrollably at
                  | your foes. [an orb of fire]
 18632 | Zot:5    | Killed an orb of fire
 18632 | Zot:5    | Reached skill level 15 in Armour
 18632 | Zot:5    | Reached skill level 15 in Shields
 18640 | Zot:5    | Gained mutation: Your body sometimes deteriorates upon
                  | taking damage. [an orb of fire]
 18654 | Zot:5    | Killed an orb of fire
 18658 | Zot:5    | Gained mutation: You tend to lose your temper in combat.
                  | [an orb of fire]
 18658 | Zot:5    | Noticed an ancient lich
 18662 | Zot:5    | Noticed a Killer Klown
 18670 | Zot:5    | Gained mutation: Your body often deteriorates upon taking
                  | damage. [an orb of fire]
 18672 | Zot:5    | Gained mutation: You are very frail. (-20% HP) [an orb of
                  | fire]
 18672 | Zot:5    | Gained mutation: Armour fits poorly on your strangely
                  | shaped body. [an orb of fire]
 18673 | Zot:5    | Noticed a Killer Klown
 18673 | Zot:5    | Gained mutation: You sometimes yell uncontrollably at your
                  | foes. [an orb of fire]
 18686 | Zot:5    | Killed a Killer Klown
 18690 | Zot:5    | Gained mutation: Scrolls take you a little longer to read.
                  | [an orb of fire]
 18698 | Zot:5    | Killed an orb of fire
 18704 | Zot:5    | Noticed a Tzitzimitl
 18707 | Zot:5    | Killed an ancient lich
 18707 | Zot:5    | Reached XP level 20. HP: 122/163 MP: 3/3
 18709 | Zot:5    | Killed an orb of fire
 18710 | Zot:5    | Gained mutation: You are clumsy. (Dex -2) [an orb of fire]
 18713 | Zot:5    | Killed an orb of fire
 18721 | Zot:5    | HP: 8/244 [white draconian/chilling blast (18)]
 18738 | Zot:5    | Lost mutation: You tend to lose your temper in combat.
                  | [potion of mutation]
 18738 | Zot:5    | Lost mutation: Armour fits poorly on your strangely shaped
                  | body. [potion of mutation]
 18738 | Zot:5    | Gained mutation: You are partially covered in thin metallic
                  | scales. (AC +2) [potion of mutation]
 18738 | Zot:5    | Lost mutation: Scrolls take you a little longer to read.
                  | [potion of mutation]
 18738 | Zot:5    | Gained mutation: You can translocate small distances at
                  | will. [potion of mutation]
 18739 | Zot:5    | Lost mutation: You are clumsy. (Dex -2) [potion of
                  | mutation]
 18739 | Zot:5    | Lost mutation: You are very dopey. (Int -4) [potion of
                  | mutation]
 18739 | Zot:5    | Lost mutation: Your body often deteriorates upon taking
                  | damage. [potion of mutation]
 18739 | Zot:5    | Lost mutation: You are very frail. (-20% HP) [potion of
                  | mutation]
 18739 | Zot:5    | Gained mutation: You are agile. (Dex +2) [potion of
                  | mutation]
 18739 | Zot:5    | Gained mutation: You are partially covered in slimy green
                  | scales. (AC +2) [potion of mutation]
 18743 | Zot:5    | Killed from afar by an ancient lich

Levels and vault maps discovered:
D:1:      co_arrival_hexagon_in_a_hexagon, layout_loops_ring
D:2:      minmay_inner_zag, layout_basic
D:3:      wander_river, layout_loops_corners, kennysheep_slug_shrine,
          hangedman_decor_growths, minmay_puff
D:4:      layout_basic, gup_ossuary_entry_pyramid, minmay_starry_boxes
D:5:      layout_gridville, minmay_temple_entry_drinking_statues, first_ration
D:6:      layout_loops_cross, guppyfry_shop_venom, uniq_edmund
D:7:      layout_gridville, marbit_many_paths, nicolae_overflow_hidden_temple,
          grunt_livestock, minmay_misc_feat_iff, uniq_maggie
D:8:      layout_cave_pools, serial_column_ruins, column_ruins_hut,
          column_ruins_hut_water, column_ruins_open_small,
          column_ruins_open_small, column_ruins_open_medium,
          column_ruins_columns_corner, column_ruins_open_small,
          column_ruins_corridor_straight, serial_shops, shop
D:9:      gammafunk_sealed_arena, layout_basic, regret_index_temple_of_mockery,
          minitemple, erik_lair_island, orc_0_dummy, basic_altar
D:10:     layout_irregular_city, uniq_sonja
D:11:     layout_roguey, fedhas_altar_4, uniq_psyche
D:12:     gammafunk_jiyva_shrine, layout_loops_ring, serial_shops, shop, shop
D:13:     minmay_guarded_unrand_guard, layout_long_grid,
          hangedman_vaults_entry_quadrant_bands, enter_bailey_7,
          gammafunk_ghost_abyssal_escape, serial_bayou_pond_b, uniq_nessos,
          uniq_josephine
D:14:     layout_loops_ring, gauntlet_entry_generic, moated_statue
D:15:     grunt_enter_depths_giant_problem, layout_rooms,
          nicolae_gozag_cash_rules_everything_around_me, basic_altar,
          minmay_orc_keep, uniq_azrael
Temple:   nicolae_temple_figure_eight
Lair:1:   layout_gridlike, serial_bayou_lagoon_a, minmay_lair_oklob_chamber,
          grunt_megastairs_5, lemuel_fruit_tree, uniq_grum
Lair:2:   layout_layer_cave, nicolae_swamp_entry_splash_gauntlet
Lair:3:   layout_chaotic_city, spider_nest_entry_web_field, lemuel_fruit_fields
Lair:4:   layout_regular_city, minmay_stone_trees_small, st_stairs_11,
          grunt_forest_stairs_basic, nicolae_lair_grove_arrangements,
          lemuel_old_faithful
Lair:5:   layout_regular_city, serial_bayou_shore_a, uniq_rupert
Lair:6:   grunt_lair_end_beastmaster, layout_misc_corridors,
          minmay_slime_entry_oklob_open, fungi_pond_lemuel, grunt_megastairs_3
Swamp:1:  layout_basic_swamp, evilmike_swamp_ruin_house_1
Swamp:2:  layout_falls_marsh, evilmike_swamp_ruin_wall, swamp_pool1,
          hangedman_swamp_diagram, grunt_hermit_hut
Swamp:3:  layout_basic_swamp, evilmike_swamp_ruin_house_3, swamp_pool4
Swamp:4:  swamp, layout_basic_swamp, infiniplex_staircase_pool
Spider:1: layout_spider_delve, hive_lemuel
Spider:2: layout_spider_delve
Spider:3: layout_spider_delve
Spider:4: grunt_spider_rune_island, hangedman_spider_tarantella_strand,
          uniq_kirke, uniq_donald
Slime:1:  layout_caves
Slime:2:  layout_caves
Slime:3:  layout_caves
Slime:4:  layout_caves
Slime:5
Orc:1:    layout_diamond_mine, david_defended_altar_orc, uniq_erolcha
Orc:2:    st_orc_ogre_mass, layout_caves, portal_ice_cave_entry_pillars_1
Depths:1: layout_cave_shapes, hell_entry, serial_bayou_pond_d, minivault_16,
          minmay_the_grid_2x2 [minmay_the_grid_outer_circle,
          minmay_the_grid_garden, minmay_the_grid_holed_spiral,
          minmay_the_grid_prize_inner_circle]
Depths:2: lemuel_minitomb, layout_cave_pools, enter_ziggurat_a, hell_entry,
          serial_bayou_pond_c, serial_shops, kennysheep_little_box,
          hangedman_eye_storm
Depths:3: minmay_two_paths, layout_basic, hell_entry,
          minmay_misc_feat_four_crosses, rand_demon_pan_entry_3,
          gammafunk_ghost_cemetery, infiniplex_staircase_zigzag_4
Depths:4: spriggan_forest, pan_entry, hell_entry, abyss_entry
Depths:5: evilmike_zot_entry_hall, layout_cave_pools,
          hangedman_tar_grid_catacomb, nicolae_two_hexagons,
          serial_sigils_hangedman_scratch, hangedman_glass_teeth,
          minmay_misc_feat_tower, serial_bayou_shore_b
Zot:1:    layout_gridlike
Zot:2:    layout_gridlike, gammafunk_ghost_split, st_large_dragon_hoard_1
Zot:3:    layout_twisted_circle
Zot:4:    layout_basic, gammafunk_ghost_wrathful_warriors,
          nicolae_transmutations_shop, st_small_dragon_hoard_2
Zot:5:    layout_cathedral_of_symmetry, st_stairs_11, grunt_ministairs_14

Skill      XL: |  1  2  3  4  5  6  7  8  9 10 11 12 13 14 15 16 17 18 19 |
---------------+----------------------------------------------------------+-----
Fighting       | 3 4 5 6 7 8 9 10 11 12 13 14 15 16 17 | 17.8
Axes           | 3 4 5 7 8 10 11 12 13 14 15 16 | 16.4
Dodging        | 1 2 3 |  3.1
Shields        | 4 5 6 7 8 9 10 11 12 13 14 15 | 15.3
Armour         | 4 5 6 7 8 9 10 11 12 13 14 15 | 15.3
Invocations    | 4 6 9 11 12 14 15 17 18 19 21 22 | 22.7

Action                   |  1- 3 |  4- 6 |  7- 9 | 10-12 | 13-15 | 16-18 | 19-21 || total
-------------------------+-------+-------+-------+-------+-------+-------+-------++-------
Melee: War axe           |    47 |   103 |    40 |   477 |  1085 |  1085 |   161 ||  2998
       Hand axe          |       |       |   297 |   421 |       |       |       ||   718
Throw: Dart              |       |       |       |    10 |       |       |       ||    10
       Throwing net      |       |       |       |     1 |       |     1 |     2 ||     4
Invok: Lesser Servant of |       |       |       |    14 |    23 |     5 |       ||    42
       Greater Servant o |       |       |       |       |     4 |    13 |     5 ||    22
 Abil: Heal Wounds       |     1 |     4 |     8 |    33 |    22 |    17 |    23 ||   108
Evoke: Wand              |       |       |       |    10 |     1 |     1 |       ||    12
       Phantom mirror    |       |       |       |     1 |       |       |       ||     1
  Use: Scroll            |       |       |    11 |    17 |    19 |    10 |     6 ||    63
       Potion            |       |       |       |       |     9 |     4 |    17 ||    30
 Stab: Distracted        |       |       |       |     2 |     8 |     7 |       ||    17
       Sleeping          |       |       |       |       |    29 |     3 |       ||    32
       Invisible         |       |       |       |       |     3 |       |       ||     3
       Confused          |       |       |       |       |       |     1 |       ||     1
  Eat: Chunk             |       |       |     8 |    18 |    14 |     2 |       ||    42
       Ration            |       |       |       |     4 |     2 |     6 |       ||    12
Armor: Scale mail        |    15 |    38 |     7 |       |       |       |       ||    60
       Plate armour      |       |       |   153 |   500 |   781 |   762 |   107 ||  2303
Dodge: Dodged            |    11 |    28 |    68 |   267 |   230 |   189 |    46 ||   839
Block: Kite shield       |    18 |    43 |   165 |   597 |   293 |       |       ||  1116
       Tower shield      |       |       |       |       |   813 |  1292 |   181 ||  2286

Table legend:
 A = Non-vault XP
 B = Vault XP
 C = Vault XP percentage of total XP
 D = Non-vault monster count
 E = Vault monster count
 F = Vault count percentage of total count
                 A         B        C        D         E       F
            +---------+---------+-------+---------+---------+-------
      Total |  239226 |  255134 |  51.6 |     756 |     382 |  33.6
            +---------+---------+-------+---------+---------+-------
        D:1 |       5 |       0 |   0.0 |       3 |       0 |   0.0
        D:2 |      22 |       0 |   0.0 |       5 |       0 |   0.0
        D:3 |       8 |       0 |   0.0 |       3 |       0 |   0.0
        D:4 |     794 |      56 |   6.6 |      18 |       3 |  14.3
        D:5 |     936 |       0 |   0.0 |      29 |       0 |   0.0
        D:6 |     314 |     463 |  59.6 |      19 |       5 |  20.8
        D:7 |    1477 |    1392 |  48.5 |      34 |       6 |  15.0
        D:8 |    2532 |       0 |   0.0 |      31 |       0 |   0.0
        D:9 |    1981 |     727 |  26.8 |      27 |       8 |  22.9
       D:10 |    2074 |     807 |  28.0 |      18 |       1 |   5.3
       D:11 |    2637 |     476 |  15.3 |      31 |       1 |   3.1
       D:12 |    5333 |       0 |   0.0 |      35 |       0 |   0.0
       D:13 |    5365 |   11058 |  67.3 |      21 |      32 |  60.4
       D:14 |    4531 |       0 |   0.0 |      17 |       0 |   0.0
       D:15 |   10982 |    3751 |  25.5 |      25 |       8 |  24.2
     Lair:1 |     662 |       0 |   0.0 |       3 |       0 |   0.0
     Lair:2 |    5854 |     777 |  11.7 |      20 |       5 |  20.0
     Lair:3 |    1425 |       0 |   0.0 |       7 |       0 |   0.0
     Lair:4 |    1406 |       0 |   0.0 |       4 |       0 |   0.0
     Lair:5 |    4391 |    2900 |  39.8 |      16 |       1 |   5.9
     Lair:6 |   11166 |    3277 |  22.7 |      39 |      10 |  20.4
    Swamp:1 |    3677 |       0 |   0.0 |       9 |       0 |   0.0
    Swamp:2 |    3127 |       0 |   0.0 |       7 |       0 |   0.0
    Swamp:3 |    3265 |       0 |   0.0 |      11 |       0 |   0.0
    Swamp:4 |   14267 |   18209 |  56.1 |      33 |      29 |  46.8
   Spider:1 |    1148 |       0 |   0.0 |       2 |       0 |   0.0
   Spider:2 |    3533 |       0 |   0.0 |      10 |       0 |   0.0
   Spider:3 |    3408 |       0 |   0.0 |       9 |       0 |   0.0
   Spider:4 |    9190 |   19792 |  68.3 |      26 |      35 |  57.4
    Slime:1 |    2243 |       0 |   0.0 |       7 |       0 |   0.0
    Slime:2 |    6459 |       0 |   0.0 |      10 |       0 |   0.0
    Slime:3 |    7642 |       0 |   0.0 |       9 |       0 |   0.0
    Slime:5 |    4665 |   21650 |  82.3 |       5 |      10 |  66.7
      Orc:1 |    3275 |    1071 |  24.6 |      65 |       4 |   5.8
      Orc:2 |    7645 |   17516 |  69.6 |      55 |      42 |  43.3
   Depths:1 |   15327 |    2442 |  13.7 |      24 |       4 |  14.3
   Depths:2 |    7005 |       0 |   0.0 |      10 |       0 |   0.0
   Depths:3 |    7064 |       0 |   0.0 |       7 |       0 |   0.0
   Depths:4 |     696 |   15235 |  95.6 |       3 |      24 |  88.9
   Depths:5 |    6926 |   20146 |  74.4 |       5 |      11 |  68.8
      Zot:3 |   34757 |       0 |   0.0 |      25 |       0 |   0.0
      Zot:4 |   13686 |       0 |   0.0 |       6 |       0 |   0.0
      Zot:5 |   16326 |   92675 |  85.0 |      13 |      27 |  67.5
    Ossuary |       0 |      94 | 100.0 |       0 |       7 | 100.0
     Bailey |       0 |    2454 | 100.0 |       0 |      40 | 100.0
      IceCv |       0 |   12598 | 100.0 |       0 |      55 | 100.0
   Gauntlet |       0 |    5568 | 100.0 |       0 |      14 | 100.0
            +---------+---------+-------+---------+---------+-------
